 Dungeon Crawl Stone Soup version 0.22.1-2-g9c5b331 (webtiles) character file.

113 magicm the Bolt Thrower (level 4, 0/37 HPs)
             Began as a Centaur Hunter on Nov 16, 2018.
             Slain by an orc
             ... wielding a cursed -1 hand axe
              (5 damage)
             ... on level 3 of the Dungeon.
             The game lasted 00:09:36 (2531 turns).

magicm the Bolt Thrower (Centaur Hunter)            Turns: 2531, Time: 00:09:37

Health: 0/37       AC:  5    Str: 15    XL:     4   Next: 65%
Magic:  4/4        EV:  9    Int: 10    God:
Gold:   79         SH:  0    Dex: 10    Spells: 3/3 levels left

rFire    . . .     SeeInvis .   b - +0 scimitar
rCold    . . .     Gourm    .   (no shield)
rNeg     . . .     Faith    .   j - +0 leather armour {rPois}
rPois    +         Spirit   .   l - +0 helmet
rElec    .         Reflect  .   (no cloak)
rCorr    .         Harm     .   (no gloves)
MR       .....                  (no barding)
Stlth    +.........             (no amulet)
HPRegen  0.12/turn              (no ring)
MPRegen  0.09/turn              (no ring)

@: very quick
A: large, hooves 3, deformed body, speed 2, tough skin 3
a: no special abilities


You were on level 3 of the Dungeon.
You were not hungry.

You visited 1 branch of the dungeon, and saw 3 of its levels.

You collected 79 gold pieces.

Inventory:

Hand Weapons
 a - a +1 hand crossbow
 b - a +0 scimitar (weapon)
Armour
 j - a +0 leather armour of poison resistance (worn)
 l - a +0 helmet (worn)
Jewellery
 i - an uncursed ring of resist corrosion {unknown}
 k - a cursed ring of teleportation {unknown}
Potions
 c - a potion of invisibility
 e - a potion of curing {unknown}
 g - a potion of resistance {unknown}
 h - a potion of agility {unknown}
 m - a potion of heal wounds {unknown}
 n - a potion of flight {unknown}
Comestibles
 f - 4 rations


   Skills:
 + Level 2.7 Fighting
 + Level 0.2 Long Blades
 + Level 5.9 Crossbows
 + Level 0.7 Armour
 + Level 1.6 Dodging
 + Level 0.5 Stealth


You had 3 spell levels left.
You didn't know any spells.
Your spell library contained the following spells:

 Spells                   Type           Power        Failure   Level  Hunger
 Confusing Touch          Hex            #.....       43%         1    ##.....
 Confuse                  Hex            #.......     80%         3    ####...
 Gell's Gravitas          Tloc           #.........   80%         3    ####...
 Petrify                  Tmut/Erth      #.......     99%         4    #####..
 Metabolic Englaciation   Hex/Ice        #.........   100%        5    ######.
 Yara's Violent Unravell  Hex/Tmut       #.........   100%        5    ######.


Dungeon Overview and Level Annotations

Branches:
Dungeon (3/15)

Altars:


Innate Abilities, Weirdness & Mutations

You have hooves in place of feet.
Armour fits poorly on your strangely shaped body.
You cover ground very quickly.
You have extremely tough skin. (AC +3)


Message History

You hit the orc.
The orc is heavily wounded.
The orc closely misses you.
You hit the orc.
You kill the orc!
You start resting.
An orc comes into view. It is wielding a hand axe.
The orc shouts!
You hear a shout! x2 3 orcs come into view.
The orc shouts! x3
An orc comes into view. It is wielding a falchion.
The orc moves out of view.
You see here a bolt.
The orc barely misses you. The orc hits you.
* * * LOW HITPOINT WARNING * * *
The orc hits you with a hand axe.
* * * LOW HITPOINT WARNING * * *
You see here a bolt.
You barely miss the orc. The orc hits you with a hand axe.
You die...

#..#########≈≈.####.#
#..#...#..≈≈≈.......#
#..'..(').≈≈≈.##.###...
####...#..≈≈####.#
...#####(.≈≈#...†# #
..).......≈≈#.#[####(##(.
.........≈≈≈# #.÷))..((#
≈≈≈≈≈≈≈≈≈≈≈## #(.([.(#.#
≈≈≈≈≈≈≈≈≈≈###.##@#...(.#
#............oooo#"#####
#.#####.#.....####.. #.#
#>####.. ##. #.. ... ....
.# ### .. # .#


You could see 4 orcs.

Vanquished Creatures
  An adder (D:2)
  4 worms (D:2)
  A dart slug (D:3)
  7 orcs (D:3)
  8 bats
  2 giant cockroaches
  3 hobgoblins
  15 jackals
  A quokka (D:2)
  A ball python (D:1)
  3 frilled lizards
  13 goblins
  8 kobolds
  A leopard gecko skeleton (D:2)
  8 rats (D:1)
76 creatures vanquished.

Notes
Turn   | Place    | Note
-------+----------+-------------------------------------------
     0 | D:1      | magicm the Centaur Hunter began the quest for the Orb.
     0 | D:1      | Reached XP level 1. HP: 17/17 MP: 1/1
   393 | D:1      | Reached XP level 2. HP: 23/24 MP: 2/2
   579 | D:1      | Reached skill level 5 in Crossbows
  1211 | D:2      | Found a faded altar of an unknown god.
  1216 | D:2      | Reached XP level 3. HP: 29/29 MP: 3/3
  1755 | D:2      | Reached XP level 4. HP: 26/37 MP: 4/4
  2531 | D:3      | Slain by an orc

Skill      XL: |  1  2 |
---------------+-------+-----
Crossbows      | 5 |  5.9
Fighting       | |  2.7
Long Blades    | |  0.2
Armour         | |  0.7
Dodging        | |  1.6
Stealth        | |  0.5

Action                   |  1- 3 |  4- 6 || total
-------------------------+-------+-------++-------
Melee: Short sword       |    47 |    11 ||    58
       Kick              |     8 |     8 ||    16
       Scimitar          |       |    31 ||    31
 Fire: Hand crossbow     |    83 |    37 ||   120
  Use: Scroll            |     7 |       ||     7
  Eat: Ration            |     1 |       ||     1
Armor: Leather armour    |    29 |    16 ||    45
Dodge: Dodged            |    28 |    26 ||    54
       Rpst.: Scimitar   |       |     5 ||     5
